 Dungeon Sprint DCSS version 0.21-a0-59-g7b0e191 (webtiles) character file.

19972 Kidiri the Unseen (level 12, -10/64 HPs)
             Began as a Spriggan Enchanter on June 16, 2017.
             Was the Champion of Wu Jian.
             Killed from afar by a fire giant (43 damage)
             ... with a fireball
             ... in the Dungeon (Sprint I: "Red Sonja").
             The game lasted 00:19:04 (3311 turns).

Kidiri the Unseen (Spriggan Enchanter)              Turns: 3311, Time: 00:19:06

Health: -10/64     AC:  4    Str:  4    XL:     12   Next: 41%
Magic:  27/32      EV: 34    Int: 28    God:    Wu Jian [******]
Gold:   2260       SH:  0    Dex: 19    Spells: 29/41 levels left

rFire    . . .     SeeInvis +   a - +2 dagger
rCold    . . .     Gourm    .   (shield restricted)
rNeg     . . .     Faith    .   b - +2 robe
rPois    .         Spirit   .   (helmet restricted)
rElec    +         Reflect  .   f - scarf {repulsion}
rCorr    .         Harm     .   (gloves unavailable)
MR       +++..     NoTele   +   (boots unavailable)
Stlth    +++++++...             (no amulet)
HPRegen  0.20/turn              m - ring "Isomuvim" {+Inv Int+4 SInv}
MPRegen  0.23/turn              o - ring of Pride {*Corrode +Fly rElec MR+ Int+5}

@: repel missiles, very quick
A: unfitting armour, see invisible, herbivore 3, speed 3, slow metabolism 2
a: Serpent's Lash, Heavenly Storm, Renounce Religion, Evoke Invisibility, Evoke
Flight


You were in the Dungeon.
You worshipped Wu Jian.
Wu Jian was exalted by your worship.
You were not hungry.

You visited 1 branch You collected 4393 gold pieces.
You spent 2133 gold pieces at shops.

Inventory:

Hand Weapons
 a - a +2 dagger (weapon)
Missiles
 r - a throwing net (quivered)
Armour
 b - a +2 robe (worn)
 f - a scarf of repulsion (worn)
 l - a +0 troll leather armour
Jewellery
 m - the ring "Isomuvim" (left hand) {+Inv Int+4 SInv}
   (You bought it in a shop in the Dungeon)

   [ring of see invisible]

   It affects your intelligence (+4).
   It lets you see invisible.
   It lets you turn invisible.
 o - the ring of Pride (right hand) {*Corrode +Fly rElec MR+ Int+5}
   (You bought it in a shop in the Dungeon)

   [ring of flight]

   It affects your intelligence (+5).
   It insulates you from electricity.
   It affects your resistance to hostile enchantments.
   It lets you fly.
   It may corrode you when you take damage.
 w - an uncursed ring of stealth
 y - an uncursed ring of protection from fire
Wands
 v - a wand of lightning (6/15)
Scrolls
 j - 2 scrolls of blinking
 n - a scroll of torment
 p - 2 scrolls of fear
 q - 2 scrolls of remove curse
 s - 2 scrolls of fog
Potions
 e - 5 potions of curing
 g - 2 potions of haste
 h - 2 potions of magic
 i - 3 potions of might
 t - a potion of heal wounds
 z - a potion of cancellation {unknown}
 A - a potion of lignification {unknown}
Books
 c - a book of Maledictions

   Spells                             Type                      Level
   a - Corona                         Hexes                        1
   b - Ensorcelled Hibernation        Hexes/Ice                    2
   c - Confuse                        Hexes                        3
   d - Tukima's Dance                 Hexes                        3
   e - Dazzling Spray                 Conjuration/Hexes            3
Comestibles
 d - a bread ration
 k - a royal jelly


   Skills:
 + Level 7.7 Fighting
 * Level 14.0 Short Blades
 + Level 7.0 Armour
 * Level 17.6 Dodging
 * Level 19.1 Stealth
 * Level 15.1 Spellcasting
 + Level 6.8 Conjurations
 + Level 11.4 Hexes
 + Level 7.4 Ice Magic


You had 29 spell levels left.
You knew the following spells:

 Your Spells              Type           Power        Failure   Level  Hunger
a - Corona                Hex            ######.      1%          1    None
b - Ensorcelled Hibernat  Hex/Ice        ######       1%          2    None
c - Confuse               Hex            ######..     1%          3    None
d - Tukima's Dance        Hex            ######..     1%          3    None
e - Dazzling Spray        Conj/Hex       ######       1%          3    None


Dungeon Overview and Level Annotations

Branches:
Dungeon (1/1)

Altars:
Cheibriados
Dithmenos
Elyvilon
Fedhas
Gozag
Hepliaklqana
Kikubaaqudgha
Makhleb
Nemelex Xobeh
Okawaru
Qazlal
Ru
Sif Muna
Trog
Uskayaw
Vehumet
Wu Jian
Xom
Yredelemnul
Zin
The Shining One
Jiyva
Lugonu

Shops:
D (*=?=[!((*?[[}![[:

Annotations:
D exclusion: 5 doors


Innate Abilities, Weirdness & Mutations

You are very small and have problems with some larger weapons.
You are too small for most types of armour.
You have supernaturally acute eyesight. (SInv)
You are a herbivore.
You cover ground extremely quickly.
You need consume almost no food.


Message History

A fire giant opens the door.
It is wielding a great sword of flaming.
Unknown command.
Casting: Ensorcelled Hibernation
Confirm with . or Enter, or press ? or * to list all spells.
Aiming: Ensorcelled Hibernation
Press: ? - help, Shift-Dir - straight line, f/p - fire giant
Aim: a fire giant, wielding a great sword of flaming (lightly wounded, haloed, chance to defeat MR: 22%)
The fire giant resists with almost no effort.
Casting: Ensorcelled Hibernation
Confirm with . or Enter, or press ? or * to list all spells.
Aiming: Dazzling Spray
Press: ? - help, Shift-Dir - straight line, f/p - fire giant
Aim: a fire giant, wielding a great sword of flaming (lightly wounded)
The spray of energy hits the fire giant.
The fire giant is lightly wounded.
The fire giant is dazzled.
The fire giant casts a spell at you.
The fireball explodes!
The fireball engulfs you!
Ouch! That really hurt!
You die...

###############################**
'.).#..#..§§§§.§..§+§§#^^+..§.#,,
#..)##+#§####§§§§§##§.+^^#.§§§##,
#)..'§§#.#.###§§@#######+#§§§§§##
#####§§§§#'#.###C#,!)##,,#.§.§§#.
#§§##+####^§.#y#§##$$$#,,##.§§§#.
+.§#.....#...###..###$#,,≈###+##.
#§.#^...§§.....##.#A#$#,,≈,,#.###
##+###.§§#^....#§.###$#,,≈,##+#§§
##.+.#§§.###++##§##..$#,,≈##§§§§.
.###.#§.###..###§§#+###,,≈#§§§§§§
(∩##.#..####..###§§§#,≈,,##§§§.§§


You could see a fire giant (blind).

Vanquished Creatures
  A golden dragon (D)
  A shadow dragon (D)
  A fire giant (D)
  A lorocyproca (D)
  2 centaur warriors (D)
  A hydra (D)
  Sonja (D)
  A deep troll (D)
  7 unseen horrors (D)
  A lindwurm (D)
  An oklob plant (D)
  A gargoyle (D)
  2 kobold demonologists (D)
  4 demonic crawlers (D)
  A hornet (D)
  A slime creature (D)
  2 redbacks (D)
  Sigmund (D)
  A yak (D)
  13 hogs (D)
  3 floating eyes (D)
  An ogre (D)
  7 necrophages (D)
  8 jellies (D)
  Ijyb (D)
  3 ballistomycetes (D)
67 creatures vanquished.

Vanquished Creatures (others)
  A gargoyle (D)
  2 ballistomycete spores (D)
3 creatures vanquished.

Grand Total: 70 creatures vanquished

Notes
Turn   | Place    | Note
-------+----------+-------------------------------------------
     0 | D        | Kidiri the Spriggan Enchanter began the quest for the Orb.
     0 | D        | Reached XP level 1. HP: 9/9 MP: 5/5
     2 | D        | Noticed Ijyb
    18 | D        | Killed Ijyb
    18 | D        | Reached skill level 1 in Fighting
    18 | D        | Reached skill level 1 in Armour
    18 | D        | Reached skill level 5 in Stealth
    18 | D        | Reached XP level 2. HP: 5/14 MP: 3/7
   246 | D        | Noticed an ogre
   248 | D        | Killed an ogre
   248 | D        | Reached skill level 7 in Stealth
   248 | D        | Reached skill level 5 in Spellcasting
   248 | D        | Reached skill level 5 in Hexes
   248 | D        | Reached XP level 3. HP: 18/18 MP: 7/10
   248 | D        | Reached XP level 4. HP: 23/23 MP: 8/12
   265 | D        | Learned a level 2 spell: Ensorcelled Hibernation
   269 | D        | Learned a level 3 spell: Confuse
   273 | D        | Learned a level 3 spell: Tukima's Dance
   277 | D        | Learned a level 3 spell: Dazzling Spray
   277 | D        | Noticed Sigmund
   280 | D        | Killed Sigmund
   280 | D        | Reached skill level 5 in Short Blades
   280 | D        | Reached skill level 9 in Stealth
   280 | D        | Reached skill level 1 in Conjurations
   280 | D        | Reached skill level 1 in Ice Magic
   280 | D        | Reached XP level 5. HP: 27/27 MP: 12/15
   295 | D        | Found an ornate altar of the Wu Jian Council.
   295 | D        | Found a deep blue altar of Sif Muna.
   297 | D        | Found a radiant altar of Vehumet.
   300 | D        | Became a worshipper of the Wu Jian Council
   302 | D        | Reached XP level 6. HP: 32/32 MP: 14/16
   336 | D        | Found Sifeowin's General Store.
   336 | D        | Found an ancient bone altar of Kikubaaqudgha.
   336 | D        | Found a hazy altar of Hepliaklqana.
   336 | D        | Found a stormy altar of Qazlal.
   336 | D        | Found a hide-covered altar of Uskayaw.
   336 | D        | Found a blossoming altar of Fedhas.
   336 | D        | Found a bloodstained altar of Trog.
   336 | D        | Found an iron altar of Okawaru.
   336 | D        | Found a basalt altar of Yredelemnul.
   336 | D        | Found a glowing golden altar of the Shining One.
   336 | D        | Found a snail-covered altar of Cheibriados.
   336 | D        | Found a sacrificial altar of Ru.
   336 | D        | Found a glowing silver altar of Zin.
   336 | D        | Found a shadowy altar of Dithmenos.
   336 | D        | Found a white marble altar of Elyvilon.
   336 | D        | Noticed a yak
   348 | D        | Found an opulent altar of Gozag.
   352 | D        | Killed a yak
   352 | D        | Reached skill level 10 in Stealth
   354 | D        | Found a sparkling altar of Nemelex Xobeh.
   366 | D        | Noticed Sonja
   370 | D        | Killed Sonja
   370 | D        | Reached * piety under Wu Jian
   370 | D        | Reached skill level 10 in Dodging
   370 | D        | Reached skill level 11 in Stealth
   370 | D        | Reached XP level 7. HP: 37/37 MP: 12/20
   370 | D        | Reached XP level 8. HP: 42/42 MP: 12/21
   384 | D        | Found Lelon's Antique Weapon Boutique.
   409 | D        | Noticed a deep troll
   413 | D        | Killed a deep troll
   413 | D        | Reached skill level 12 in Stealth
   424 | D        | Found Icucvezani's Armour Emporium.
   448 | D        | Noticed a centaur warrior
   450 | D        | Noticed a centaur warrior
   452 | D        | Killed a centaur warrior
   452 | D        | Reached skill level 13 in Stealth
   452 | D        | Reached skill level 10 in Spellcasting
   452 | D        | Reached XP level 9. HP: 46/46 MP: 22/24
   454 | D        | Killed a centaur warrior
   454 | D        | Reached ** piety under Wu Jian
   454 | D        | Reached skill level 5 in Fighting
   481 | D        | Noticed an oklob plant
   483 | D        | Killed an oklob plant
   483 | D        | Reached skill level 10 in Short Blades
   483 | D        | Reached skill level 14 in Stealth
   602 | D        | Reached *** piety under Wu Jian
   617 | D        | Noticed an unseen horror
   621 | D        | Noticed an unseen horror
   623 | D        | Killed an unseen horror
   623 | D        | Reached skill level 5 in Ice Magic
   623 | D        | Reached XP level 10. HP: 51/51 MP: 26/26
   624 | D        | Killed an unseen horror
   624 | D        | Reached skill level 5 in Armour
   641 | D        | Paralysed by a floating eye for 3 turns
   647 | D        | Reached skill level 15 in Stealth
   662 | D        | Reached **** piety under Wu Jian
   678 | D        | Killed a gargoyle
   684 | D        | Reached ***** piety under Wu Jian
   928 | D        | Found Giokhene's Magic Scroll Shoppe.
   928 | D        | Found Uxyxief's Jewellery Shop.
   928 | D        | Found Zuonetama's Jewellery Boutique.
   930 | D        | Found Asuwelei's Armour Emporium.
   930 | D        | Found Zaewa's Distillery.
   930 | D        | Found Gaychang's Antique Weapon Shoppe.
   930 | D        | Found Hemet's Weapon Boutique.
   930 | D        | Found Toinic's General Store.
   930 | D        | Found Qavuagient's Magic Scroll Shop.
   930 | D        | Found Jiskugoh's Armour Shoppe.
   933 | D        | Bought a scroll of fear for 45 gold pieces
   933 | D        | Bought a scroll of identify for 26 gold pieces
   933 | D        | Bought a scroll of enchant armour for 97 gold pieces
   933 | D        | Bought a scroll of identify for 26 gold pieces
   938 | D        | Bought a scroll of identify for 26 gold pieces
   959 | D        | Found Wianweil's Armour Boutique.
   960 | D        | Found Guawkuvo's Distillery.
   960 | D        | Found Ziabi's Gadget Boutique.
   961 | D        | Found Puca's Armour Emporium.
   973 | D        | Bought a scarf of repulsion for 144 gold pieces
   989 | D        | Bought the ring "Isomuvim" {+Inv Int+4 SInv} for 486 gold pieces
   990 | D        | Bought the ring of Pride {*Corrode +Fly rElec MR+ Int+5} for 546 gold pieces
  1344 | D        | Found a burning altar of Makhleb.
  1344 | D        | Found a viscous altar of Jiyva.
  1344 | D        | Found a shimmering altar of Xom.
  1344 | D        | Found a corrupted altar of Lugonu.
  1346 | D        | Reached skill level 5 in Conjurations
  1402 | D        | Bought a scroll of fog for 26 gold pieces
  1402 | D        | Bought a scroll of remove curse for 39 gold pieces
  1402 | D        | Bought a scroll of enchant armour for 97 gold pieces
  1402 | D        | Bought a scroll of identify for 26 gold pieces
  1425 | D        | Bought a potion of heal wounds for 65 gold pieces
  1425 | D        | Bought a potion of heal wounds for 65 gold pieces
  1425 | D        | Bought a potion of haste for 130 gold pieces
  1425 | D        | Bought a potion of curing for 39 gold pieces
  1492 | D        | Reached ****** piety under Wu Jian
  1500 | D        | Noticed a rust devil
  1664 | D        | Reached skill level 16 in Stealth
  1684 | D        | Noticed a lindwurm
  1685 | D        | Killed a lindwurm
  1685 | D        | Reached skill level 15 in Dodging
  1685 | D        | Reached XP level 11. HP: 55/55 MP: 28/28
  1754 | D        | Reached skill level 10 in Hexes
  1964 | D        | Noticed a 12-headed hydra
  1965 | D        | Killed a 12-headed hydra
  1965 | D        | Reached skill level 17 in Stealth
  2054 | D        | Noticed a lorocyproca
  2059 | D        | Killed a lorocyproca
  2412 | D        | HP: 2/57 [something (14)]
  2825 | D        | Bought an uncursed ring of protection from fire for 250 gold pieces
  2976 | D        | Noticed a shadow dragon
  2978 | D        | Noticed a golden dragon
  2982 | D        | Killed a golden dragon
  2982 | D        | Reached skill level 18 in Stealth
  2982 | D        | Killed a shadow dragon
  2982 | D        | Reached XP level 12. HP: 62/62 MP: 27/31
  3052 | D        | Found Nuofuupt's Book Shoppe.
  3127 | D        | Noticed a daeva
  3254 | D        | Noticed a fire giant
  3257 | D        | Noticed a fire giant
  3258 | D        | Noticed a fire giant
  3259 | D        | Noticed a fire giant
  3260 | D        | Killed a fire giant
  3260 | D        | Reached skill level 19 in Stealth
  3260 | D        | Reached skill level 15 in Spellcasting
  3311 | D        | Killed from afar by a fire giant

Vault maps used:
D:        dungeon_sprint_1

Skill      XL: |  1  2  3  4  5  6  7  8  9 10 11 12 |
---------------+-------------------------------------+-----
Fighting       | 1 2 3 4 5 6 7 |  7.7
Short Blades   | 2 4 5 7 9 10 11 13 14 | 14.0
Armour         | 1 2 3 4 5 6 7 |  7.0
Dodging        | 4 6 7 8 10 12 13 15 16 17 | 17.6
Stealth        | 5 7 9 11 13 14 16 18 19 | 19.1
Spellcasting   | 3 5 6 8 10 11 12 14 15 | 15.1
Hexes          | 4 5 7 8 9 11 | 11.4
Conjurations   | 1 2 3 4 5 6 |  6.8
Ice Magic      | 1 3 4 5 7 |  7.4

Action                   |  1- 3 |  4- 6 |  7- 9 | 10-12 || total
-------------------------+-------+-------+-------+-------++-------
Melee: Dagger            |     8 |    12 |     8 |   250 ||   278
 Cast: Corona            |     2 |       |       |       ||     2
       Confuse           |       |     2 |       |     7 ||     9
       Ensorcelled Hiber |       |     1 |     2 |    17 ||    20
       Dazzling Spray    |       |       |       |     7 ||     7
Invok: Serpent's Lash    |       |       |       |     3 ||     3
       Heavenly Storm    |       |       |       |     2 ||     2
 Abil: Evoke Invisibilit |       |       |       |     2 ||     2
  Use: Potion            |     1 |       |       |     2 ||     3
       Scroll            |       |       |       |     9 ||     9
 Stab: Sleeping          |     1 |     3 |     8 |    31 ||    43
       Confused          |       |     2 |       |     4 ||     6
  Eat: Royal jelly       |       |       |       |     2 ||     2
Armor: Robe              |       |       |       |     7 ||     7
Dodge: Dodged            |     3 |     3 |     2 |   110 ||   118
       Deflected         |       |       |       |     1 ||     1
